 Dungeon Crawl Stone Soup version 0.30.0-15-g856e2d3f33 (webtiles) character file.

Game seed: 13537227129235317459

1786 jlumianski the Chopper (level 8, -10/64 HPs)
             Began as a Demonspawn Fighter on May 19, 2023.
             Was an Initiate of Qazlal.
             Mangled by an ogre
             ... wielding a +0 giant club
              (24 damage)
             ... on level 6 of the Dungeon.
             The game lasted 00:16:53 (5685 turns).

jlumianski the Chopper (Demonspawn Fighter)         Turns: 5685, Time: 00:16:54

Health: -10/64     AC: 16    Str: 19    XL:     8   Next: 82%
Magic:  8/8        EV:  6    Int:  9    God:    Qazlal [......]
Gold:   341        SH:  5    Dex: 13    Spells: 7/7 levels left

rFire   . . .        a - +1 war axe
rCold   . . .        c - +0 buckler
rNeg    . . .        r - +0 plate armour
rPois   +            (no helmet)
rElec   .            (no cloak)
rCorr   .            (no gloves)
SInv    .            (no boots)
Will    .....        j - amulet of the acrobat Stlth
                     (no ring)
HPRegen 0.30/turn    (no ring)
MPRegen 0.11/turn

%: acrobat
@: no status effects
A: slimy green scales 3, demonic guardian 1, powered by death 1, demonic touch 1
a: Renounce Religion


You were on level 6 of the Dungeon.
You worshipped Qazlal.
Qazlal was noncommittal.
You visited 2 branches of the dungeon, and saw 8 of its levels.

You collected 341 gold pieces.

Inventory:

Hand Weapons
 a - a +1 war axe (weapon)
 E - a +2 trident of flaming
Missiles
 e - 20 stones
 A - 11 poisoned darts (quivered)
 B - 6 boomerangs
 G - 3 javelins
Armour
 b - a +0 scale mail
 c - a +0 buckler (worn)
 l - a +0 hat
 m - a +0 chain mail
 o - a +1 ring mail of fire resistance
 r - a +0 plate armour (worn)
 I - a +0 pair of gloves
Magical Staves
 x - a staff of fire
Jewellery
 f - an amulet of faith
 j - an amulet of the acrobat (around neck)
 v - a ring of ice
 w - an amulet of regeneration
Wands
 s - a wand of flame (19)
 C - a wand of digging (5)
Scrolls
 h - 2 scrolls of butterflies
 k - 2 scrolls of noise
 n - 3 scrolls of poison
 p - a scroll of enchant armour
 t - 3 scrolls of fear
 y - a scroll of teleportation
 D - a scroll of enchant weapon
 H - a scroll of blinking {unknown}
Potions
 d - 2 potions of might
 g - 2 potions of heal wounds
 i - 2 potions of curing
 q - 3 potions of degeneration
 u - a potion of berserk rage
 z - 4 potions of lignification
 F - a potion of brilliance


   Skills:
 * Level 6.0 Fighting
 + Level 7.2 Axes
 + Level 1.1 Throwing
 + Level 5.6 Armour
 + Level 1.2 Dodging
 + Level 0.3 Stealth
 + Level 3.6 Shields
 + Level 0.4 Evocations


You had 7 spell levels left.
You didn't know any spells.
Your spell library contained the following spells:

 Spells                   Type           Power      Damage    Failure   Level
 Hailstorm                Conj/Ice       0%         3d3       100%        3
 Ice Form                 Ice/Tmut       0%         N/A       100%        4
 Summon Forest            Summ/Tloc      0%         N/A       100%        5
 Summon Mana Viper        Hex/Summ       0%         N/A       100%        5
 Simulacrum               Ice/Necr       0%         N/A       100%        6
 Summon Cactus Giant      Summ           0%         N/A       100%        6


Dungeon Overview and Level Annotations

Branches:
Dungeon (7/15)             Temple (1/1) D:6

Altars:
Ashenzari
Cheibriados
Dithmenos
Fedhas
Hepliaklqana
Nemelex Xobeh
Okawaru
Qazlal
Ru
Trog
Uskayaw
Vehumet
Wu Jian
Xom
Yredelemnul


Innate Abilities, Weirdness & Mutations

You are completely covered in slimy green scales. (AC +4, rPois)
A weak demonic guardian rushes to your aid.
You regenerate a little health from kills.
Your touch may inflict minor irresistible damage on your foes.


Message History

Found seven altars.
Found two staircases back to the Dungeon.
There is a staircase back to the Dungeon here.
Found an ornate altar of the Wu Jian Council and a stormy altar of Qazlal.
Found a blossoming altar of Fedhas.
Found a broken altar of Ashenzari.
There is a stormy altar of Qazlal here.
You kneel at the altar of Qazlal.
Qazlal welcomes you!
Qazlal grants you and your divine allies immunity to clouds.
Okay, then.
Found a hazy altar of Hepliaklqana.
There is a staircase back to the Dungeon here.
You climb upwards.
Welcome back to the Dungeon!
There is a staircase to the Ecumenical Temple here.
Throw: 12 darts (poison)
Press: ? - help, Q - select action, (/) - cycle Shift-Dir - straight line, f - ogre
Aim: an ogre, wielding a +0 giant club (75% to hit)
You throw a poisoned dart. The poisoned dart hits the ogre.
You hit the ogre but do no damage. You block the ogre's attack.
You hit the ogre.
The ogre is lightly wounded.
The ogre hits you with a +0 giant club!
You barely miss the ogre.
The ogre is lightly wounded.
The ogre hits you with a +0 giant club.
You slash the ogre!
The ogre is severely wounded.
You hit the ogre but do no damage.
The ogre is severely wounded.
The ogre hits you with a +0 giant club!
You hit the ogre.
The ogre is almost dead.
The ogre hits you with a +0 giant club!!
* * * LOW HITPOINT WARNING * * *
A demonic guardian appears!
You hit the ogre.
The ogre is almost dead.
The ogre hits you with a +0 giant club!!
You die...

#.#.........#
#.###########
#.# . #.# ..#
#.# ....
######.##
#..#58.#...##
##
#....(....#
.#
#8.@O8...##
.#
#.....#......
.#
##.8.##.#####
.# ...####.#
.# .### #+#
.# # ## ####


You could see an ogre (ally target) and a friendly iron imp (summoned).

Vanquished Creatures
  Grinder (D:3)
  Prince Ribbit (D:5)
  Sigmund (D:4)
  A wyvern (D:7)
  An orc warrior (D:6)
  A black bear (D:6)
  An ice beast (D:6)
  A centaur (D:6)
  A gnoll sergeant (D:4)
  A scorpion (D:2)
  2 hounds
  2 jellies (D:4)
  3 orc priests
  A sleepcap (D:5)
  Terence (D:2)
  2 iguanas (D:4)
  2 orc wizards (D:6)
  A hound zombie (D:4)
  4 gnolls (D:4)
  3 adders
  A white imp (D:5)
  2 ufetubi
  An adder zombie (D:4)
  2 worms
  5 dart slugs
  24 orcs
  5 endoplasms
  3 giant cockroaches
  12 goblins
  5 hobgoblins
  3 jackals (D:2)
  2 quokkas
  5 ball pythons
  3 bats
  2 frilled lizards (D:1)
  5 kobolds
  6 rats
117 creatures vanquished.

Vanquished Creatures (collateral kills)
  Ijyb (D:5)
1 creature vanquished.

Grand Total: 118 creatures vanquished

Notes
Turn   | Place    | Note
-------+----------+-------------------------------------------
     0 | D:1      | jlumianski the Demonspawn Fighter began the quest for the
                  | Orb.
     0 | D:1      | Reached XP level 1. HP: 18/18 MP: 1/1
   103 | D:2      | Gained mutation: You are partially covered in slimy green
                  | scales. (AC +2) [demonic ancestry]
   103 | D:2      | Reached XP level 2. HP: 12/24 MP: 2/2
   390 | D:4      | Reached skill level 2 in Axes
   398 | D:3      | Gained mutation: You are mostly covered in slimy green
                  | scales. (AC +3) [demonic ancestry]
   398 | D:3      | Reached XP level 3. HP: 29/29 MP: 3/3
   440 | D:4      | Noticed Sigmund
   684 | D:1      | Found a faded altar of an unknown god.
   935 | D:2      | Noticed a scorpion
   941 | D:2      | Killed a scorpion
   942 | D:2      | Reached skill level 1 in Dodging
   942 | D:2      | Gained mutation: A weak demonic guardian rushes to your
                  | aid. [demonic ancestry]
   942 | D:2      | Reached XP level 4. HP: 37/37 MP: 4/4
   987 | D:2      | Reached skill level 3 in Axes
  1311 | D:2      | Noticed Terence
  1320 | D:2      | Killed Terence
  1321 | D:2      | Gained mutation: You are completely covered in slimy green
                  | scales. (AC +4, rPois) [demonic ancestry]
  1321 | D:2      | Reached XP level 5. HP: 29/42 MP: 5/5
  1993 | D:3      | Found a sacrificial altar of Ru.
  2053 | D:3      | Found a radiant altar of Vehumet.
  2058 | D:3      | Found a hide-covered altar of Uskayaw.
  2273 | D:3      | Noticed Grinder
  2273 | D:3      | Paralysed by Grinder for 5 turns
  2292 | D:3      | Paralysed by Grinder for 4 turns
  2299 | D:3      | Killed Grinder
  2300 | D:3      | Reached skill level 4 in Axes
  2300 | D:3      | Reached XP level 6. HP: 17/49 MP: 6/6
  2647 | D:5      | Entered Level 5 of the Dungeon
  2694 | D:4      | Gained mutation: You regenerate a little health from kills.
                  | [demonic ancestry]
  2694 | D:4      | Reached XP level 7. HP: 19/55 MP: 7/7
  3013 | D:5      | Noticed Prince Ribbit
  3030 | D:4      | Noticed Ijyb
  3065 | D:5      | Killed Prince Ribbit
  3066 | D:5      | Reached skill level 5 in Axes
  3252 | D:5      | Killed Ijyb
  3332 | D:5      | Reached skill level 5 in Fighting
  3419 | D:7      | Noticed a wyvern
  3429 | D:7      | Killed a wyvern
  3430 | D:7      | Gained mutation: Your touch may inflict minor irresistible
                  | damage on your foes. [demonic ancestry]
  3430 | D:7      | Reached XP level 8. HP: 52/62 MP: 8/8
  3534 | D:4      | Reached skill level 5 in Armour
  3619 | D:4      | Killed Sigmund
  3620 | D:4      | Reached skill level 6 in Axes
  3620 | D:4      | Reached skill level 1 in Throwing
  3872 | D:4      | Found a basalt altar of Yredelemnul.
  5112 | D:6      | Reached skill level 7 in Axes
  5650 | D:6      | Found a staircase to the Ecumenical Temple.
  5656 | Temple   | Entered the Ecumenical Temple
  5667 | Temple   | Became a worshipper of Qazlal Stormbringer
  5685 | D:6      | Mangled by an ogre

Illustrated notes

Levels and vault maps discovered:
D:1:      ebering_trefoil_3fold, layout_loops_ring,
          hellmonk_ecumenical_altar_leap_of_faith
D:2:      layout_basic, grunt_ministairs_2, hex_medium,
          kennysheep_generic_room_16, uniq_terence
D:3:      layout_loops_ring, minitemple, hangedman_ru_absence,
          corexii_hall_statues_l, minmay_misc_feat_diagonals, dk_noncrumbling_4,
          uniq_grinder
D:4:      layout_rooms, lemuel_zombie_altar_yredelemnul, serial_bayou_crossing,
          uniq_ijyb, uniq_sigmund
D:5:      layout_layer_cave, minmay_misc_feat_chi, grunt_ministairs_12,
          eino_tiny_chamber, uniq_prince_ribbit1
D:6:      layout_loops_corners, minmay_temple_entry_statues_pillars
D:7:      layout_basic, lemuel_mausoleum_altar_kikubaaqudgha, enter_bailey_6,
          serial_bayou, serial_bayou_shore_b, serial_bayou_pond_c,
          serial_bayou_pond_c, serial_bayou_pond_d, serial_bayou_shore_a,
          gammafunk_ghost_arena, minmay_circle_x
Temple:   nicolae_temple_ecumenical_triangle

Skill      XL: |  1  2  3  4  5  6  7  8 |
---------------+-------------------------+-----
Axes           | 2 3 4 5 7 |  7.2
Armour         | 3 4 5 |  5.6
Dodging        | 1 |  1.2
Fighting       | 4 5 6 |  6.0
Shields        | 3 |  3.6
Throwing       | 1 |  1.1
Stealth        | |  0.3
Evocations     | |  0.4

Action                     |  1- 3 |  4- 6 |  7- 9 || total
---------------------------+-------+-------+-------++-------
  Melee: War axe           |    71 |   101 |   216 ||   388
  Throw: Stone             |     3 |     5 |     3 ||    11
         Dart              |       |       |    12 ||    12
  Evoke: Wand              |       |     1 |     3 ||     4
    Use: Scroll            |     1 |     5 |     7 ||    13
         Potion            |       |     1 |       ||     1
 Armour: Scale mail        |     7 |       |       ||     7
         Chain mail        |    25 |       |       ||    25
         Plate armour      |     2 |    64 |   174 ||   240
  Dodge: Dodged            |    49 |    45 |    91 ||   185
  Block: Buckler           |    16 |    27 |    60 ||   103
